 Dungeon Crawl Stone Soup version 0.29.1-2-gbd0b4ee654 (webtiles) character file.

Game seed: 629212700275086519

2447 zeram the Thaumaturge (level 9, -12/41 HPs)
             Began as a Deep Elf Ice Elementalist on Oct 28, 2022.
             Was an Initiate of Gozag.
             Mangled by an ogre
             ... wielding a +0 halberd
              (20 damage)
             ... in a bailey.
             The game lasted 00:24:11 (10050 turns).

zeram the Thaumaturge (Deep Elf Ice Elementalist)  Turns: 10050, Time: 00:24:12

Health: -12/41     AC: 11    Str:  9    XL:     9   Next: 25%
Magic:  0/27       EV: 16    Int: 22    God:    Gozag
Gold:   730        SH:  0    Dex: 12    Spells: 23/32 levels left

rFire   . . .      SeeInvis .   i - +1 whip (venom)
rCold   . . .      Faith    .   (no shield)
rNeg    . . .      Spirit   +   a - +0 robe
rPois   .          Reflect  .   r - +1 helmet
rElec   .          Harm     .   (no cloak)
rCorr   .          Rampage  .   c - +2 pair of gloves
Will    .....                   (no boots)
Stlth   ++........              f - amulet of guardian spirit
HPRegen 0.13/turn               q - +4 ring of evasion
MPRegen 0.20/turn               l - +4 ring of protection

@: gold aura, on berserk cooldown, slowed, very slow
A: clumsy 1, dopey 1, frail 1, strong 1, wild magic 1
a: Renounce Religion, Potion Petition, Call Merchant, Bribe Branch


You were in a bailey.
You worshipped Gozag.
Gozag was pleased with you.
You visited 1 branch of the dungeon, and saw 7 of its levels.
You also visited: Sewer and Bailey.

You collected 812 gold pieces.
You paid 82 gold pieces to Gozag.

Inventory:

Hand Weapons
 d - a +0 club
 i - a +1 whip of venom (weapon)
Armour
 a - a +0 robe (worn)
 c - a +2 pair of gloves (worn)
 r - a +1 helmet (worn)
Jewellery
 f - an amulet of guardian spirit (around neck)
 l - a +4 ring of protection (right hand)
 m - a ring of magical power
 n - a ring of magical power
 q - a +4 ring of evasion (left hand)
 y - a ring of positive energy
Scrolls
 k - 3 scrolls of teleportation
 v - a scroll of amnesia
Potions
 b - 2 potions of magic
 e - 2 potions of haste
 g - 3 potions of resistance
 h - 3 potions of attraction
 j - 3 potions of brilliance
 o - a potion of berserk rage
 p - 2 potions of degeneration
 t - a potion of curing
 u - a potion of flight


   Skills:
 - Level 0.3 Fighting
 - Level 0.1 Maces & Flails
 - Level 2.9 Dodging
 - Level 2.7 Stealth
 + Level 12.3 Spellcasting
 + Level 10.0 Ice Magic


You had 23 spell levels left.
You knew the following spells:

 Your Spells              Type           Power      Damage    Failure   Level
a - Freeze                Ice            100%       1d11      1%          1
b - Ensorcelled Hibernat  Hex/Ice        92%        N/A       1%          2
c - Frozen Ramparts       Ice            100%       1d16      1%          3
d - Ozocubu's Armour      Ice            66%        N/A       1%          3

Your spell library contained the following spells:

 Spells                   Type           Power      Damage    Failure   Level
 Hailstorm                Conj/Ice       46%        3d11      10%         4
 Passwall                 Tmut/Erth      14%        N/A       12%         2
 Static Discharge         Conj/Air       17%        3-6/arc   12%         2
 Spider Form              Tmut/Pois      17%        N/A       21%         3
 Swiftness                Air            17%        N/A       21%         3
 Anguish                  Hex/Necr       8%         N/A       52%         4
 Lightning Bolt           Conj/Air       8%         1d21      86%         5
 Maxwell's Capacitive Co  Air            8%         ∞         100%        8


Dungeon Overview and Level Annotations

Branches:
Dungeon (7/15)             Temple (0/1) D:4           Sewer (visited)
 Bailey (1/1)

Altars:
Gozag
The Shining One

Shops:
D:6 (

Annotations:
D:3 gdog's ghost, weakling GnDe


Innate Abilities, Weirdness & Mutations

You are clumsy. (Dex -2)
You are dopey. (Int -2)
You are frail. (-10% HP)
Your muscles are strong. (Str +4, Int/Dex -1)
Your spells are a little harder to cast, but a little more powerful.


Message History

The ogre hits you with a +0 glaive!
* * * LOW HITPOINT WARNING * * *
Unknown command.
You whack the ogre!
The ogre looks as sick as possible!
The ogre is almost dead.
You kill the ogre!
You hear a splash.
The ogre closely misses you. The ogre hits you but does no damage.
Unknown command.
You barely miss the ogre.
The ogre is heavily wounded.
Unknown command.
You hit the ogre.
The ogre looks as sick as possible!
The ogre is severely wounded.
The ogre barely misses you.
Unknown command.
You hit the ogre.
The ogre looks as sick as possible!
The ogre is almost dead.
The ogre hits you with a +0 halberd!!
* * * LOW HITPOINT WARNING * * *
Unknown command.
You are too berserk!
You enter the shallow water.
Moving in this stuff is going to be slow.
You kill the ogre!
The ogre closely misses you.
Your Ice Magic skill increases to level 10!
Things that are here:
8 gold pieces; a +0 glaive Unknown command.
You feel a strong urge to attack something.
You are no longer berserk.
You are exhausted.
You feel yourself slow down.
Unknown command.
The ogre hits you but does no damage.
You feel better. The ogre closely misses you.
The ogre hits you from afar with a +0 halberd!!
You die...
Your body crumbles into a pile of gold.

#######
###.....###
##.........##
##...........##
#....∩...∩....#
##...........##
##......@..##
###~~~~~###
#~~~~O#
##~~~~$##
#.......##
#......$.$#
#..♣#♣#♣##..#
#..♣ #..# #..#
♣..#


You could see an ogre.

Vanquished Creatures
  A water moccasin (D:7)
  3 black bears
  3 ice beasts
  4 ogres
  A phantom (D:4)
  3 kobold brigands
  2 bullfrogs
  A necrophage (D:4)
  2 scorpions (D:5)
  3 jellies (D:5)
  3 orc priests
  5 hounds
  7 orc wizards
  3 iguanas
  3 gnolls (D:5)
  10 adders
  2 ufetubi (D:6)
  3 worms
  3 dart slugs
  28 orcs
  13 ball pythons
  4 endoplasms
  4 giant cockroaches
  3 goblins
  6 hobgoblins
  8 jackals
  4 quokkas
  6 bats
  3 frilled lizards
  27 kobolds
  11 rats
179 creatures vanquished.

Vanquished Creatures (others)
  2 plants (Sewer)
2 creatures vanquished.

Grand Total: 181 creatures vanquished

Notes
Turn   | Place    | Note
-------+----------+-------------------------------------------
     0 | D:1      | zeram the Deep Elf Ice Elementalist began the quest for the
                  | Orb.
     0 | D:1      | Reached XP level 1. HP: 10/10 MP: 6/6
   425 | D:1      | Reached XP level 2. HP: 7/15 MP: 0/8
  1619 | D:2      | Reached XP level 3. HP: 7/20 MP: 9/9
  1622 | D:2      | Learned a level 2 spell: Ensorcelled Hibernation
  1976 | D:2      | Reached skill level 5 in Ice Magic
  1995 | D:2      | HP: 1/20 [worm (10)]
  2328 | D:2      | Reached skill level 4 in Spellcasting
  2552 | D:2      | Reached XP level 4. HP: 12/24 MP: 12/12
  3198 | D:3      | Found a faded altar of an unknown god.
  3213 | D:3      | Found a glowing drain.
  3316 | Sewer    | Entered a sewer
  3921 | Sewer    | Noticed a kobold brigand
  3936 | Sewer    | Killed a kobold brigand
  3937 | Sewer    | Reached skill level 5 in Spellcasting
  3937 | Sewer    | Reached XP level 5. HP: 11/28 MP: 15/15
  4289 | D:3      | Found a glowing golden altar of the Shining One.
  4572 | D:3      | Identified the +1 leather armour "Fitauheg" {*Slow rCorr
                  | Str+3}
  4582 | D:3      | Found a runed translucent door.
  4585 | D:3      | Noticed gdog's ghost (weakling GnDe)
  4687 | D:3      | Reached skill level 6 in Spellcasting
  4687 | D:3      | Reached XP level 6. HP: 23/33 MP: 12/17
  5072 | D:3      | You fall into a shaft and drop 3 floors!
  5096 | D:6      | Noticed an ice beast
  5118 | D:6      | Found Bizielol's Weapon Shop.
  5159 | D:6      | Gained mutation: Your spells are a little harder to cast,
                  | but a little more powerful. [potion of mutation]
  5159 | D:6      | Gained mutation: You have hidden genetic defects. [potion
                  | of mutation]
  5159 | D:6      | Gained mutation: Your muscles are strong. (Str +4, Int/Dex
                  | -1) [potion of mutation]
  5170 | D:5      | Entered Level 5 of the Dungeon
  5466 | D:4      | Found an opulent altar of Gozag.
  5508 | D:4      | Became a worshipper of Gozag Ym Sagoz the Greedy
  5547 | D:4      | Reached skill level 7 in Spellcasting
  5563 | D:4      | Gained mutation: You are frail. (-10% HP) [hidden defects]
  5728 | D:4      | Found a staircase to the Ecumenical Temple.
  5750 | D:4      | Gained mutation: You have terrible hidden genetic defects.
                  | [hidden defects]
  5750 | D:4      | Lost mutation: You have terrible hidden genetic defects.
                  | [hidden defects expressed]
  5751 | D:4      | Reached XP level 7. HP: 16/33 MP: 7/19
  6234 | D:4      | Gained mutation: You are dopey. (Int -2) [hidden defects]
  6366 | D:4      | Learned a level 3 spell: Frozen Ramparts
  6370 | D:4      | Learned a level 3 spell: Ozocubu's Armour
  6504 | D:4      | Reached skill level 8 in Spellcasting
  6783 | D:5      | Gained mutation: You are clumsy. (Dex -2) [hidden defects]
  6783 | D:5      | Lost mutation: You have hidden genetic defects. [hidden
                  | defects expressed]
  7380 | D:5      | Reached skill level 9 in Spellcasting
  7599 | D:5      | Reached XP level 8. HP: 10/37 MP: 5/23
  7982 | D:5      | Reached skill level 10 in Spellcasting
  8660 | D:6      | Reached skill level 11 in Spellcasting
  9532 | D:6      | Reached XP level 9. HP: 30/41 MP: 18/26
  9989 | D:7      | Found a flagged portal.
 10000 | Bailey   | Entered a bailey
 10035 | Bailey   | Reached skill level 12 in Spellcasting
 10045 | Bailey   | HP: 1/61 [ogre/+0 halberd (10)]
 10047 | Bailey   | Reached skill level 10 in Ice Magic
 10050 | Bailey   | Mangled by an ogre

Illustrated notes

Levels and vault maps discovered:
D:1:      lightli_iron_boxes, layout_loops_ring, minmay_distorted
D:2:      layout_basic
D:3:      layout_basic, tso_altar, dreamdust_ecumenical_altar_angels_and_demons,
          ebering_ghost_sewer_d, cheibrodos_sewer_entry_drain
D:4:      layout_basic, mainiacjoe_overflow_catwalk, minmay_temple_entry_tees
D:5:      minmay_skewed_foursquare, layout_loops_ring, enter_ossuary_2
D:6:      layout_basic, serial_shops, nicolae_shop_bloodbath_and_beyond,
          minmay_a_box_with_orc_wizards_in_it
D:7:      layout_basic, enter_bailey_2, kennysheep_doodads, uniq_duvessa
Bailey:   bailey_polearm_enchanted_keep_hellmonk, bailey

Skill      XL: |  1  2  3  4  5  6  7  8  9 |
---------------+----------------------------+-----
Ice Magic      | 5 6 8 9 10 | 10.0
Spellcasting   | 4 5 6 7 9 11 12 | 12.3
Fighting       | |  0.3
Maces & Flails | |  0.1
Dodging        | |  2.9
Stealth        | |  2.7

Action                   |  1- 3 |  4- 6 |  7- 9 || total
-------------------------+-------+-------+-------++-------
Melee: Unarmed           |    29 |       |       ||    29
       Club              |    38 |       |       ||    38
       Whip              |    62 |   215 |   360 ||   637
       Punch             |     3 |     2 |     2 ||     7
 Cast: Freeze            |    17 |    33 |    56 ||   106
       Ensorcelled Hiber |     1 |       |       ||     1
  Use: Scroll            |     8 |     8 |     6 ||    22
       Potion            |       |     8 |     3 ||    11
 Stab: Sleeping          |     4 |     4 |     2 ||    10
       Distracted        |     1 |       |     2 ||     3
Armor: Robe              |    30 |   121 |   115 ||   266
       Skin              |       |     2 |       ||     2
Dodge: Dodged            |   116 |   292 |   350 ||   758
